 Dungeon Crawl Stone Soup version 0.27-a0-323-gbd089401bb (webtiles) character file.

Game seed: 18010477577243964132

220 dickylongcocking the Sneak (level 5, -2/36 HPs)
             Began as an Octopode Delver on Feb 11, 2021.
             Was an Initiate of Elyvilon.
             Killed from afar by an orc wizard (11 damage)
             ... with a puff of flame
             ... on level 4 of the Dungeon.
             The game lasted 00:02:05 (2736 turns).

dickylongcocking the Sneak (Octopode Delver)        Turns: 2736, Time: 00:02:06

Health: -2/36      AC:  1    Str: 12    XL:     5   Next: 97%
Magic:  5/5        EV: 13    Int: 12    God:    Elyvilon [......]
Gold:   100        SH:  0    Dex: 14    Spells: 4/4 levels left

rFire    . . .     SeeInvis .     - Unarmed
rCold    . . .     Faith    .   (no shield)
rNeg     . . .     Spirit   .   (helmet restricted)
rPois    .         Reflect  .   (no amulet)
rElec    .         Harm     .   (no ring)
rCorr    .         Rampage  .   (no ring)
Will     .....                  (no ring)
Stlth    ++........             (no ring)
HPRegen  0.12/turn              (no ring)
MPRegen  0.09/turn              (no ring)
                                (no ring)
                                (no ring)

@: confused
A: almost no armour, stealthy swim, amphibious, 8 rings, constrict 8, camouflage
1, gelatinous body 1
a: Renounce Religion


You were on level 4 of the Dungeon.
You worshipped Elyvilon.
Elyvilon was noncommittal.
You visited 1 branch of the dungeon, and saw 2 of its levels.
You also visited: Sewer.

You collected 100 gold pieces.

Inventory:

Wands
 e - a wand of digging (3)
Scrolls
 a - a scroll of acquirement {unknown}
 f - a scroll of blinking {unknown}
 g - a scroll of fog
Potions
 b - 4 potions of flight
 c - a potion of curing {unknown}
 d - a potion of haste


   Skills:
 - Level 3.0 Fighting
 - Level 2.0 Dodging
 - Level 6.6 Stealth
 * Level 6.0 Unarmed Combat


You had 4 spell levels left.
You didn't know any spells.
Your spell library was empty.

Dungeon Overview and Level Annotations

Branches:
Dungeon (5/15)              Sewer (visited)
 Temple: D:4-7

Altars:
Elyvilon
Wu Jian


Innate Abilities, Weirdness & Mutations

You cannot wear most types of armour.
You are very stealthy in the water. (Stealth+)
You are amphibious.
You can wear up to eight rings at the same time.
You can use your tentacles to constrict eight enemies at once.
Your skin changes colour to match your surroundings (Stealth+).
Your rubbery body absorbs attacks. (AC +1, EV +1)


Message History

The orc wizard flickers and vanishes!
Deactivating autopickup; reactivate with Ctrl-A.
There is a white marble altar of Elyvilon here.
You curl up in front of the altar of Elyvilon.
Elyvilon welcomes you! The hound closely misses you. The hound bites you.
The hound bites you.
The orc wizard points at itself and mumbles some strange words.
The orc wizard flickers and vanishes!
You see here 16 gold pieces.
The orc hits you but does no damage. The hound barely misses you.
You barely miss the hound. Your grab misses the hound.
The hound closely misses you. The hound barely misses you.
Unknown command.
You tentacle-slap the hound. You grab the hound. You squeeze the hound.
The hound is severely wounded.
You constrict the hound. The hound barely misses you.
Unknown command.
You barely miss the hound.
The hound is severely wounded.
You constrict the hound. The hound bites you.
Unknown command.
You tentacle-slap the hound but do no damage.
The hound is severely wounded.
You constrict the hound. The hound bites you. x2
You tentacle-slap the hound.
You kill the hound!
Your Unarmed Combat skill increases to level 6!
Unknown command.
You hear some strange, mumbled words.
You are confused.
You hear some strange, mumbled words.
A puff of flame appears from out of thin air!
The puff of flame hits you!
* * * LOW HITPOINT WARNING * * *
You bump into the rock wall.
You hear some strange, mumbled words.
A puff of flame appears from out of thin air!
The puff of flame hits you!
You die...

##.$....†###.#.######.
#.......# #.#.# #.
#.......# #.#.# ##
#.##.##.# #.#.# #
#$..#.....#.#
#..†#!....#.# ####
#...#....##.. ....
##.## ...# #### #@#
##{## ##
o..###oo{###...#.
.P....._.....P...
...###...###...## #
##.## ## #.# #.# ...


You could see 2 orcs.

Vanquished Creatures
  A hound (D:4)
  2 merfolk sirens (Sewer)
  A merfolk avatar (Sewer)
  5 adders
  2 river rats (Sewer)
  A white imp (D:5)
  An adder skeleton (D:4)
  3 leopard geckos
  An orc (D:5)
  4 giant cockroaches
  4 jackals (D:4)
  A quokka (D:5)
  2 ball pythons (Sewer)
  5 frilled lizards
  22 rats (Sewer)
55 creatures vanquished.

Vanquished Creatures (others)
  A fungus (D:4)
1 creature vanquished.

Grand Total: 56 creatures vanquished

Notes
Turn   | Place    | Note
-------+----------+-------------------------------------------
     0 | D:5      | dickylongcocking the Octopode Delver began the quest for
                  | the Orb.
     0 | D:5      | Reached XP level 1. HP: 16/16 MP: 1/1
    21 | D:5      | Reached XP level 2. HP: 5/21 MP: 2/2
   117 | D:5      | Found a glowing drain.
   256 | Sewer    | Entered a sewer
   402 | Sewer    | Noticed a sickly merfolk siren
   410 | Sewer    | Killed a sickly merfolk siren
   411 | Sewer    | Reached XP level 3. HP: 26/26 MP: 3/3
   456 | Sewer    | Noticed a sickly merfolk siren
   463 | Sewer    | HP: 1/26 [ball python (1)]
   780 | Sewer    | Reached XP level 4. HP: 31/31 MP: 4/4
  1038 | Sewer    | Reached skill level 5 in Unarmed Combat
  1043 | Sewer    | Reached XP level 5. HP: 22/36 MP: 5/5
  1264 | Sewer    | Noticed a malarious merfolk avatar
  1671 | Sewer    | Killed a malarious merfolk avatar
  1969 | D:5      | Found an ornate altar of the Wu Jian Council.
  2710 | D:4      | Found a white marble altar of Elyvilon.
  2725 | D:4      | Became a worshipper of Elyvilon the Healer
  2736 | D:4      | Killed from afar by an orc wizard

Illustrated notes

Levels and vault maps discovered:
D:4:      cheibrodos_pilgrimage, layout_basic, temple_doors_e, st_stairs_7,
          grunt_ministairs_8, elyvilon_altar_1
D:5:      layout_basic, pdpol_wu_jian_five_deadly_venoms, portal_sewer_entry_d,
          uniq_crazy_yiuf_cottage

Skill      XL: |  1  2  3  4  5 |
---------------+----------------+-----
Unarmed Combat | 3 4 5 6 |  6.0
Fighting       | |  3.0
Dodging        | |  2.0
Stealth        | |  6.6

Action                   |  1- 3 |  4- 6 || total
-------------------------+-------+-------++-------
Melee: Unarmed           |    33 |    91 ||   124
       Tentacles         |     4 |    17 ||    21
       Constrict         |     8 |    23 ||    31
       Punch             |       |     3 ||     3
  Use: Scroll            |     2 |     3 ||     5
 Stab: Sleeping          |    10 |     8 ||    18
       Distracted        |       |     1 ||     1
Armor: Skin              |       |    11 ||    11
Dodge: Dodged            |    16 |    53 ||    69

Table legend: (Time is in decaauts)
 A = Elapsed time spent in this place.
 B = Non-inter-level travel time spent in this place.
 C = Inter-level travel time spent in this place.
 D = Time resting spent in this place.
 E = Time spent auto-exploring this place.
 F = Levels seen in this place.
 G = Mean time per level.
                   A        B        C        D        E       F      G
               +--------+--------+--------+--------+--------+-----+--------+
         Total |   2725 |   2725 |      0 |   1472 |    851 |   3 |  908.3 |
       Dungeon |   1100 |   1100 |      0 |    486 |    462 |   2 |  550.0 |
         Sewer |   1625 |   1625 |      0 |    986 |    389 |   1 | 1625.0 |
               +--------+--------+--------+--------+--------+-----+--------+

Top non-repeatable levels by time:
   Sewer: 1625 daAuts
     D:5: 695 daAuts
     D:4: 404 daAuts
